[Event "Titled Tuesday Blitz May 4 2021"]
[White "Markidis, Konstantinos"]
[Black "Arabidze, Meri"]
[WhiteFideId "4203500"]
[BlackFideId "13604040"]
[WhiteElo "2304"]
[BlackElo "2432"]
[Result "1/2-1/2"]
[Round "11"]
[TimeControl "180+1"]
[Date "2021.05.04"]
[WhiteClock "0:00:08"]
[BlackClock "0:00:14"]

1. e4 c5 2. Nf3 e6 3. g3 Nc6 4. Bg2 Nf6 5. Nc3 d6 6. O-O Be7 7. d4 cxd4 8. Nxd4 Bd7 9. Nce2 O-O 10. c4 Rc8 11. b3 a6 12. a4 Qc7 13. Bb2 Rfd8 14. Rc1 Be8 15. Nxc6 Bxc6 16. Nc3 Qb8 17. Re1 b6 18. Nd5 Bxd5 19. exd5 e5 20. f4 Nd7 21. Bh3 Bf6 22. fxe5 Bxe5 23. Bxe5 dxe5 24. Rf1 Qd6 25. Qf3 Rf8 26. Qe3 Rcd8 27. Rce1 Nc5 28. Qxe5 Qxe5 29. Rxe5 Nxb3 30. Rb1 Nd2 31. Ree1 Nxb1 32. Rxb1 Rd6 33. a5 b5 34. cxb5 Rxd5 35. bxa6 Rxa5 36. Bf1 g6 37. Rb7 Ra8 38. Bc4 R5xa6 39. Bxa6 Rxa6 40. Kg2 Ra2+ 41. Kh3 Kg7 42. g4 Ra3+ 43. Kg2 Ra2+ 44. Kg3 Ra3+ 45. Kg2 h6 46. h3 Kf6 47. Rb5 Ra2+ 48. Kg3 Ra3+ 49. Kg2 Re3 50. Rc5 Re5 51. Rc7 Re6 52. Rc5 Rd6 53. Kg3 Ke6 54. Ra5 Rd3+ 55. Kg2 Kf6 56. Rb5 Kg7 57. Rc5 Rd2+ 58. Kg3 Rd3+ 59. Kg2 Ra3 60. Rd5 Rb3 61. Rc5 Kf8 62. Rd5 Ke7 63. Rc5 Rd3 64. Ra5 Rd2+ 65. Kg3 Rd3+ 66. Kg2 Rd6 67. Rb5 Ke6 68. Kg3 Rd5 69. Rb7 f5 70. gxf5+ Kxf5 71. Rf7+ Kg5 72. h4+ Kh5 73. Rf4 Rd3+ 74. Kg2 Rc3 75. Kh2 Rd3 76. Kg2 Ra3 77. Kh2 Ra2+ 78. Kg3 Ra3+ 79. Kg2 Rb3 80. Kh2 Rc3 81. Kg2 Rc2+ 82. Kg3 Rc3+ 83. Kg2 Rd3 84. Kh2 g5 85. hxg5 hxg5 86. Ra4 Rd2+ 87. Kg3 Rd3+ 88. Kg2 g4 89. Ra8 Kh4 90. Rh8+ Kg5 91. Rg8+ Kh4 92. Rh8+ Kg5 93. Rg8+ Kh4 94. Rh8+ 1/2-1/2


[Site "https://www.chess.com"]

[Event "Titled Tuesday Blitz May 4 2021"]
[White "Martin, Lewis"]
[Black "Gedgafov, Chamal"]
[WhiteFideId "410551"]
[BlackFideId "34130621"]
[WhiteElo "2145"]
[BlackElo "2005"]
[Result "1-0"]
[Round "11"]
[TimeControl "180+1"]
[Date "2021.05.04"]
[WhiteClock "0:00:15"]
[BlackClock "0:00:03"]

1. e4 e6 2. d4 d5 3. Nd2 a6 4. Bd3 c5 5. exd5 exd5 6. dxc5 Bxc5 7. Ngf3 Nf6 8. O-O O-O 9. Nb3 Bb6 10. Bg5 Nc6 11. c3 h6 12. Bh4 g5 13. Bg3 Ne4 14. c4 f5 15. cxd5 Qxd5 16. Bxe4 Qxe4 17. Re1 Qg4 18. Qd5+ Kh7 19. Bd6 Rf6 20. Ne5 Nxe5 21. Rxe5 f4 22. Re8 Be6 23. Re7+ Kg6 24. Qxb7 Bxf2+ 25. Kxf2 f3 26. g3 Qh3 27. Rg7+ Kh5 28. Qxa8 Qg2+ 29. Ke3 Qe2+ 30. Kd4 f2 31. Qe8+ Kg4 32. h3+ Kxh3 33. Rh7 f1=Q 34. Rxf1 Qxf1 35. Qe7 Qf2+ 36. Kc3 Rf3+ 37. Kb4 1-0


[Site "https://www.chess.com"]

[Event "Titled Tuesday Blitz May 4 2021"]
[White "Martirosyan, Haik M."]
[Black "Nakamura, Hikaru"]
[WhiteFideId "13306553"]
[BlackFideId "2016192"]
[WhiteElo "2597"]
[BlackElo "2900"]
[Result "1/2-1/2"]
[Round "11"]
[TimeControl "180+1"]
[Date "2021.05.04"]
[WhiteClock "0:02:50"]
[BlackClock "0:02:49"]

1. d4 Nf6 2. Nf3 d5 3. c4 e6 4. Nc3 Be7 5. Bg5 h6 6. Bxf6 Bxf6 7. e3 O-O 8. Rc1 dxc4 9. Bxc4 Nd7 10. O-O c5 11. Ne4 cxd4 12. Nxf6+ Nxf6 13. Qxd4 Qxd4 14. Nxd4 Bd7 15. Bb5 Rfc8 16. Rfd1 1/2-1/2


[Site "https://www.chess.com"]

[Event "Titled Tuesday Blitz May 4 2021"]
[White "Mayeregger, Arnold"]
[Black "Coelho, Ramyres Santana"]
[WhiteFideId "3705226"]
[BlackFideId "2120690"]
[WhiteElo "1567"]
[BlackElo "1888"]
[Result "1-0"]
[Round "11"]
[TimeControl "180+1"]
[Date "2021.05.04"]
[WhiteClock "0:00:38"]
[BlackClock "0:00:10"]

1. e4 c5 2. d4 cxd4 3. c3 d3 4. Bxd3 Nc6 5. c4 e5 6. Nf3 Nf6 7. O-O Bc5 8. Nc3 Kf8 9. Qe2 Nd4 10. Nxd4 Bxd4 11. Bg5 h6 12. Bh4 g5 13. Bg3 d6 14. h3 Be6 15. Nd5 Nxd5 16. exd5 Bd7 17. Kh1 Qf6 18. Rab1 Re8 19. Qe4 h5 20. Qe2 h4 21. Bh2 e4 22. Bxe4 g4 23. hxg4 h3 24. g3 Rg8 25. f3 Rxe4 26. Qxe4 Bxb2 27. Rfe1 Kg7 28. g5 Qc3 29. g4 Qd2 30. Re2 Qc3 31. Rexb2 Re8 32. Rc2 Qa5 33. Qd4+ Kg8 34. Qf2 1-0


[Site "https://www.chess.com"]

[Event "Titled Tuesday Blitz May 4 2021"]
[White "Melkevik, Johannes"]
[Black "Gabriel, Robert"]
[WhiteFideId "1501836"]
[BlackFideId "4606477"]
[WhiteElo "1727"]
[BlackElo "2203"]
[Result "0-1"]
[Round "11"]
[TimeControl "180+1"]
[Date "2021.05.04"]
[WhiteClock "0:00:57"]
[BlackClock "0:00:30"]

1. d4 d5 2. Nc3 Nf6 3. Bf4 a6 4. e3 e6 5. Qf3 Bd6 6. g4 h6 7. h4 Bxf4 8. Qxf4 Qd6 9. Qf3 c5 10. dxc5 Qxc5 11. O-O-O Nc6 12. g5 hxg5 13. hxg5 Rxh1 14. Qxh1 Ng8 15. Qh7 Qf8 16. g6 f6 17. e4 d4 18. Nce2 e5 19. f4 Bg4 20. Rd3 O-O-O 21. f5 Bxe2 22. Bxe2 Nb4 23. Rb3 d3 24. cxd3 Qc5+ 25. Rc3 Nxa2+ 26. Kc2 Nxc3 27. bxc3 Qxg1 28. Qxg7 Qf2 29. Kd2 Qf4+ 30. Kd1 Qxe4 31. Qf7 Qxf5 32. g7 e4 33. Qf8 exd3 34. Qc5+ Qxc5 0-1


[Site "https://www.chess.com"]

[Event "Titled Tuesday Blitz May 4 2021"]
[White "Mezentsev, Ivan"]
[Black "Shtyka, Sergey"]
[WhiteFideId "13706195"]
[BlackFideId "4138465"]
[WhiteElo "2295"]
[BlackElo "2102"]
[Result "1-0"]
[Round "11"]
[TimeControl "180+1"]
[Date "2021.05.04"]
[WhiteClock "0:00:06"]
[BlackClock "0:00:01"]

1. e4 c5 2. Nf3 Nc6 3. Bb5 g6 4. O-O Bg7 5. c3 e5 6. Re1 Nge7 7. d4 cxd4 8. cxd4 Nxd4 9. Nxd4 exd4 10. e5 Nc6 11. Nd2 O-O 12. Nc4 Re8 13. Bf4 a6 14. Bxc6 dxc6 15. Nd6 Re6 16. Qxd4 Qe7 17. Re3 f6 18. Rae1 fxe5 19. Bxe5 Bxe5 20. Nxc8 Rxc8 21. Rxe5 Rxe5 22. Rxe5 Qf7 23. b3 Re8 24. g3 Rxe5 25. Qxe5 h5 26. h4 Kh7 27. Kg2 Qd7 28. a4 Kg8 29. a5 Kh7 30. b4 Qf7 31. Kg1 Qd7 32. Kg2 Qf7 33. Qd6 Kg7 34. Qd4+ Kh7 35. Qe5 Kg8 36. Qd6 Kh7 37. f3 Qa2+ 38. Kh3 Qf7 39. Kg2 Qa2+ 40. Kf1 Qc4+ 41. Kf2 Qa2+ 42. Ke3 Qb3+ 43. Ke4 Qf7 44. f4 Qf5+ 45. Kd4 Qf7 46. Kc5 Qb3 47. Kb6 Qxg3 48. Kxb7 Qxh4 49. Kxa6 Qg4 50. Kb7 Qf5 51. a6 Qb1 52. a7 1-0


[Site "https://www.chess.com"]

[Event "Titled Tuesday Blitz May 4 2021"]
[White "Mickiewicz, Piotr"]
[Black "Rodriguez, Santiago"]
[WhiteFideId "1114891"]
[BlackFideId "3000591"]
[WhiteElo "2263"]
[BlackElo "2256"]
[Result "0-1"]
[Round "11"]
[TimeControl "180+1"]
[Date "2021.05.04"]
[WhiteClock "0:00:12"]
[BlackClock "0:00:25"]

1. Nf3 Nf6 2. g3 e6 3. Bg2 d5 4. c4 Be7 5. O-O O-O 6. b3 c5 7. cxd5 Nxd5 8. Bb2 Nc6 9. a3 b6 10. d3 Bb7 11. Nbd2 Bf6 12. Qc2 Rc8 13. e3 Ba6 14. Nc4 Qc7 15. Rfd1 Rfd8 16. Rac1 b5 17. Ncd2 b4 18. Bxf6 gxf6 19. Ne4 bxa3 20. Qxc5 Ncb4 21. Qxc7 Rxc7 22. Nxf6+ Kg7 23. Nxd5 Rxc1 24. Rxc1 exd5 25. Ra1 a2 26. Bf1 Rc8 27. Nd4 Rc3 28. e4 dxe4 29. dxe4 Bxf1 30. Kxf1 Rd3 31. Nc2 Nxc2 32. Rxa2 Nd4 33. Rxa7 Rxb3 34. h4 Rb2 35. Kg2 Ne6 36. Ra5 Kg6 37. Kf3 h5 38. Ke3 Rb3+ 39. Kd2 Rf3 40. Ke2 Nd4+ 41. Kf1 Rb3 42. Rg5+ Kh6 43. Rd5 Ne6 44. Kg2 Rb4 45. Kf3 Kg6 46. Ke3 Rb3+ 47. Ke2 Rb2+ 48. Ke3 Ng7 49. Rg5+ Kf6 50. Rd5 Kg6 51. Rg5+ Kh6 52. Rd5 Rb3+ 53. Ke2 Ne8 54. Rf5 Kg6 55. Rg5+ Kh6 56. Rf5 Rb7 57. e5 Kg6 58. Rg5+ Kh6 59. Rf5 Ng7 60. Rf6+ Kh7 61. f4 Rb3 62. Kf2 Kg8 63. f5 Rb5 64. e6 Rxf5+ 65. Rxf5 Nxf5 66. exf7+ Kxf7 67. Kf3 Nh6 68. Kf4 Kg6 69. Ke5 Nf5 70. Kf4 Nh6 71. Ke5 Ng4+ 72. Kf4 Kf6 73. Ke4 Ne5 74. Kf4 Ng6+ 75. Ke4 Ke6 76. g4 hxg4 77. h5 Ne5 78. h6 Kf6 79. Kf4 Kg6 80. Kg3 Kxh6 81. Kh4 Kg6 82. Kg3 Kg5 0-1


[Site "https://www.chess.com"]

[Event "Titled Tuesday Blitz May 4 2021"]
[White "Mikhalevski, Victor"]
[Black "Sanal, Vahap"]
[WhiteFideId "2801914"]
[BlackFideId "6300545"]
[WhiteElo "2567"]
[BlackElo "2507"]
[Result "1-0"]
[Round "11"]
[TimeControl "180+1"]
[Date "2021.05.04"]
[WhiteClock "0:01:40"]
[BlackClock "0:00:02"]

1. Nf3 Nf6 2. g3 g6 3. Bg2 Bg7 4. O-O O-O 5. d4 d6 6. b3 c5 7. Bb2 cxd4 8. Nxd4 a6 9. c4 Qc7 10. Nc3 Nc6 11. Rc1 Nxd4 12. Qxd4 Be6 13. Rfd1 Rfc8 14. Nd5 Bxd5 15. Bxd5 Nh5 16. Qd2 Bxb2 17. Qxb2 a5 18. Bf3 Nf6 19. Qd2 Rab8 20. Qe3 Kg7 21. h4 h5 22. Kg2 b6 23. a3 Re8 24. b4 Qc8 25. c5 dxc5 26. bxc5 b5 27. Qe5 b4 28. c6 b3 29. c7 Rb6 30. Qxa5 Ra6 31. Qb4 Ra7 32. Qb6 Ra6 33. Qb7 Rxa3 34. Rc3 Qe6 35. c8=Q Rxc8 36. Qxc8 1-0


[Site "https://www.chess.com"]

[Event "Titled Tuesday Blitz May 4 2021"]
[White "Mikhalsky, Vladimir"]
[Black "Kraemer, Martin"]
[WhiteFideId "14144352"]
[BlackFideId "4671910"]
[WhiteElo "2280"]
[BlackElo "2482"]
[Result "0-1"]
[Round "11"]
[TimeControl "180+1"]
[Date "2021.05.04"]
[WhiteClock "0:00:03"]
[BlackClock "0:00:09"]

1. c4 e5 2. Nc3 Nf6 3. g3 d5 4. cxd5 Nxd5 5. Bg2 Nb6 6. Nf3 Nc6 7. O-O Be7 8. d3 O-O 9. a3 Be6 10. Be3 Nd5 11. Nxd5 Bxd5 12. Nd2 Bxg2 13. Kxg2 Qd5+ 14. f3 Nd4 15. Rc1 c5 16. Ne4 f5 17. Nc3 Qe6 18. f4 b6 19. Rf2 Bf6 20. Qa4 Nb3 21. Rd1 Kh8 22. Qc4 Qxc4 23. dxc4 e4 24. Nd5 Na5 25. Rc1 Bxb2 26. Rc2 Bxa3 27. Rf1 Rad8 28. Ra1 Bb4 29. Nxb4 cxb4 30. c5 Rc8 31. Kf2 Nb3 32. Rxa7 bxc5 33. Rb7 h6 34. Rb5 Rfd8 35. Rb2 Nd4 36. Rb6 Kh7 37. h4 Rd5 38. h5 Ra8 39. Rb7 Ra3 40. Rc7 Rc3 41. Ra2 Nb5 42. Rb7 Na3 43. Bc1 Rxc1 44. Rb2 Rc2 45. Rb3 Rdd2 46. g4 Rxe2+ 47. Kg3 Rg2+ 48. Kh3 Rc3+ 49. Rxc3 bxc3 50. Rc7 Rxg4 51. Rxc5 c2 52. Rc3 Rxf4 53. Kh2 Rf3 54. Rxc2 Nxc2 55. Kg2 Nd4 56. Kg1 Nc6 57. Kg2 Ne5 58. Kh2 Nd7 59. Kg2 Nf6 0-1


[Site "https://www.chess.com"]

[Event "Titled Tuesday Blitz May 4 2021"]
[White "Minaya, Juan"]
[Black "Fuentes, Adrian"]
[WhiteFideId "4400283"]
[BlackFideId "6600875"]
[WhiteElo "1835"]
[BlackElo "2104"]
[Result "0-1"]
[Round "11"]
[TimeControl "180+1"]
[Date "2021.05.04"]
[WhiteClock "0:00:03"]
[BlackClock "0:00:20"]

1. Nf3 Nf6 2. c4 e6 3. g3 b6 4. Bg2 Bb7 5. O-O d6 6. d4 Nbd7 7. Nc3 Be7 8. Qd3 O-O 9. e4 e5 10. d5 Nc5 11. Qc2 a5 12. b3 g6 13. a3 Nh5 14. Bh6 Ng7 15. b4 axb4 16. axb4 Nd7 17. h4 f5 18. Ng5 Bxg5 19. hxg5 f4 20. Rxa8 Qxa8 21. Nb5 Qd8 22. Bh3 Rf7 23. Be6 Nf8 24. Bxf7+ Kxf7 25. Bxg7 Kxg7 26. gxf4 exf4 27. Qc3+ Kf7 28. Qf6+ Qxf6 29. gxf6 Kxf6 30. Nxc7 Ke5 31. Ra1 Nd7 32. Ra7 Bc8 33. Nb5 Nf6 34. f3 Bd7 35. Kf2 g5 36. Rb7 h5 37. Rxb6 g4 38. Nxd6 g3+ 39. Kg2 Nh7 40. Rb7 Kxd6 41. c5+ Ke5 42. c6 Ng5 43. cxd7 h4 44. d8=Q h3+ 45. Kf1 Nxf3 46. Qh8+ Kxe4 47. Re7+ Kd3 48. d6 g2+ 49. Kf2 g1=Q+ 50. Kxf3 Qg3# 0-1


[Site "https://www.chess.com"]

[Event "Titled Tuesday Blitz May 4 2021"]
[White "Mohammad Fahad, Rahman"]
[Black "Nozdrachev, Leonid"]
[WhiteFideId "10207791"]
[BlackFideId "24113433"]
[WhiteElo "2308"]
[BlackElo "2246"]
[Result "1-0"]
[Round "11"]
[TimeControl "180+1"]
[Date "2021.05.04"]
[WhiteClock "0:00:55"]
[BlackClock "0:00:02"]

1. e4 d6 2. d4 Nf6 3. Nc3 e5 4. Nf3 Nbd7 5. Be3 Be7 6. Qd2 O-O 7. O-O-O c6 8. h3 b5 9. Bd3 a5 10. g4 a4 11. dxe5 dxe5 12. Kb1 b4 13. Ne2 b3 14. cxb3 axb3 15. axb3 Ba6 16. g5 Nd5 17. exd5 cxd5 18. Bxa6 Rxa6 19. Qxd5 Ra5 20. Qxd7 Qa8 21. Qxe7 Qxf3 22. Nc3 Qf5+ 23. Kc1 Ra1+ 24. Kd2 Raa8 25. Ke2 Rfe8 26. Qb4 Rab8 27. Qe4 Qe6 28. b4 Qb3 29. Rd2 Rxb4 30. Qc6 Rbb8 31. Rhd1 g6 32. Kf1 Rec8 33. Qf6 Qc4+ 34. Kg1 Qh4 35. Rd8+ Rxd8 36. Rxd8+ Rxd8 37. Qxd8+ Kg7 38. Qf6+ Kg8 39. Qxe5 Qxh3 40. Bd4 Qg4+ 41. Kf1 f6 42. Qe8+ 1-0


[Site "https://www.chess.com"]

[Event "Titled Tuesday Blitz May 4 2021"]
[White "Moore, Nicholas"]
[Black "Arias, Juan Cruz"]
[WhiteFideId "4303709"]
[BlackFideId "118540"]
[WhiteElo "2375"]
[BlackElo "2083"]
[Result "1-0"]
[Round "11"]
[TimeControl "180+1"]
[Date "2021.05.04"]
[WhiteClock "0:00:23"]
[BlackClock "0:00:42"]

1. d4 Nf6 2. c4 c5 3. d5 e5 4. Nc3 d6 5. g3 Nbd7 6. Bg2 Be7 7. Nf3 O-O 8. O-O a6 9. a4 Ne8 10. e4 b6 11. h3 Nc7 12. Qe2 Rb8 13. Ra3 Re8 14. Kh2 Bf6 15. h4 h6 16. Bh3 Be7 17. Ne1 Nf6 18. Bxc8 Qxc8 19. Ng2 Nd7 20. Ne3 Bf8 21. Nf5 Kh7 22. Qf3 Qd8 23. Rb3 Qf6 24. Rg1 g6 25. g4 gxf5 26. exf5 Qxh4+ 27. Kg2 Nf6 28. Rh1 Qxg4+ 29. Qxg4 Nxg4 30. Ne4 b5 31. Rg3 bxc4 32. Rxg4 Nxd5 33. Ng5+ Kg7 34. Ne4+ Kh7 35. Ng5+ Kg8 36. Ne6+ Kh7 37. Nxf8+ Rxf8 38. Rxh6# 1-0


[Site "https://www.chess.com"]

[Event "Titled Tuesday Blitz May 4 2021"]
[White "Morris-Suzuki, Sophie"]
[Black "Rorrer, Grayson"]
[WhiteFideId "30922615"]
[BlackFideId "30944996"]
[WhiteElo "2372"]
[BlackElo "2408"]
[Result "0-1"]
[Round "11"]
[TimeControl "180+1"]
[Date "2021.05.04"]
[WhiteClock "0:00:02"]
[BlackClock "0:01:08"]

1. c4 e5 2. Nc3 Bb4 3. Qc2 Nf6 4. Nf3 Nc6 5. e3 d6 6. d4 O-O 7. d5 Ne7 8. Be2 Bf5 9. Qb3 Bxc3+ 10. Qxc3 Ne4 11. Qb3 Nc5 12. Qd1 a5 13. b3 Bg6 14. Bb2 Nf5 15. O-O Nh4 16. Nxh4 Qxh4 17. g3 Qe7 18. a3 f5 19. b4 axb4 20. axb4 Na6 21. Bc3 f4 22. exf4 exf4 23. Bd3 f3 24. Bxg6 hxg6 25. Qd4 Rae8 26. Rfe1 Qd7 27. Qh4 Rxe1+ 28. Rxe1 Re8 29. Rxe8+ Qxe8 30. Qd4 Qf7 31. Qe4 Qf5 32. Qxf5 gxf5 33. Kf1 g5 34. Ke1 Kf7 35. Kd2 g4 36. Ke3 Nb8 37. Kf4 Kg6 38. c5 Nd7 39. c6 Nb6 40. Ke3 Nxd5+ 41. Kd4 bxc6 42. Bd2 Nf6 43. Be1 Ne4 44. Kc4 Kf6 45. Kd4 Ke6 46. Ke3 Ke5 47. h4 gxh3 48. Kxf3 Ng5+ 49. Ke3 h2 50. f4+ Ke6 51. fxg5 h1=Q 52. Bc3 Qe4+ 53. Kd2 f4 54. gxf4 Qxf4+ 55. Kd3 Qxg5 56. Kc2 Qd5 57. Kb2 Qb5 58. Kc2 Qb7 59. Kb2 Qc8 60. Kc2 Qd7 61. Kb2 Qf7 62. Kc2 Qe8 63. Kb2 Qd7 64. Kc2 Qc8 65. Kb2 Qb7 66. Kc2 Qa6 67. Kb2 Qe2+ 68. Kb3 Qf1 69. Kb2 Qh1 70. Kb3 Qd5+ 71. Kb2 Qe4 72. Kb3 Kd5 73. Kb2 Kc4 74. Bd2 Qd5 75. Bc1 Qb5 76. Bd2 Qa6 77. Be1 Kb5 78. Bc3 Qa4 79. Bd2 d5 80. Bc3 Ka6 81. Bd2 Qb5 82. Kc3 Kb7 83. Bc1 Kc8 84. Bb2 Kd7 85. Ba3 Ke6 86. Kb2 Kf5 87. Kc3 Kg6 88. Kb2 Kh5 89. Kc3 Kg4 90. Kb2 Kf3 91. Kb3 Kg2 92. Bb2 Kf1 93. Bc3 Ke2 94. Kb2 Kd3 95. Be1 d4 96. Kb3 Ke4 97. Bd2 Kd5 98. Be1 Qc4+ 99. Kb2 Qb5 100. Kb3 Ke4 101. Bd2 Ke5 102. Kc2 Qd5 103. Be1 Qe4+ 104. Kd2 Qe3+ 105. Kd1 Qb3+ 106. Ke2 Kd5 107. Bd2 c5 108. b5 c4 109. b6 c6 110. b7 Qb5 111. b8=Q Qxb8 112. Bf4 Qb7 113. Bd2 Qb5 114. Kd1 Kc5 115. Kc2 Kb6 116. Bc1 Ka6 117. Kd2 d3 118. Kc3 Kb6 119. Be3+ Kb7 120. Kd4 Kc7 121. Bd2 Kd7 122. Bc3 Ke6 123. Bd2 Kf5 124. Bc3 Kg4 125. Bd2 Kh3 126. Bc3 Kg2 127. Bd2 Kf1 128. Bc3 Kg2 129. Bd2 Kh1 130. Bc3 Qb3 131. Bd2 Qc2 132. Bc3 Qb3 133. Bd2 Kg2 134. Bc3 Kf3 135. Bd2 Kg4 136. Bc3 Kf5 137. Bd2 Ke6 138. Bc3 Kd6 139. Bd2 c5+ 140. Ke4 Qc2 141. Bf4+ Kc6 142. Be3 Qd1 143. Bf4 Qe2+ 144. Be3 Qd1 145. Bf4 Qa4 146. Be3 Qa8 147. Bxc5 Qe8+ 148. Kd4 Qd7+ 149. Kxc4 Qd5+ 150. Kc3 d2 151. Be3 d1=Q 152. Bb6 Q1d3+ 153. Kb4 Q3b5+ 154. Ka3 Qa6+ 155. Ba5 Qdb5 156. Ka2 Qc4+ 157. Kb2 Qc8 158. Ka3 Q8e6 159. Bb4 Qd3+ 160. Ka4 Qeb3+ 161. Ka5 Qf5+ 162. Ka6 Qc8+ 163. Ka5 Qa4+ 164. Kxa4 Qa6+ 165. Ba5 Qb5+ 166. Ka3 Kc5 167. Bc3 Kc4 168. Bd2 Qc6 169. Kb2 Qe4 170. Bc1 Qd3 171. Ka2 Qc2+ 172. Bb2 Qa4+ 173. Ba3 Kb5 174. Kb2 Ka6 175. Ka2 Kb7 176. Kb2 Kc6 177. Ka2 Kb5 178. Kb2 Qc4 179. Kb1 Ka4 180. Bb2 Kb3 181. Ka1 Qe4 182. Bc1 Qd4+ 183. Kb1 Qa7 184. Ba3 Qg1+ 185. Bc1 Qd1 186. Ka1 Qc2 187. Ba3 Qc3+ 188. Kb1 Qa5 189. Bc1 Qa8 190. Bb2 Qe4+ 191. Ka1 Qe1+ 192. Bc1 Qc3+ 193. Kb1 Qc2+ 194. Ka1 Qa2# 0-1


[Site "https://www.chess.com"]

[Event "Titled Tuesday Blitz May 4 2021"]
[White "Moultino06"]
[Black "Klimkowski, Jan"]
[BlackFideId "21856222"]
[WhiteElo "2691"]
[BlackElo "1903"]
[Result "0-1"]
[Round "11"]
[TimeControl "180+1"]
[Date "2021.05.04"]
[WhiteClock "0:00:01"]
[BlackClock "0:00:04"]

1. b3 e5 2. Bb2 Nc6 3. Nf3 e4 4. Nd4 Qf6 5. Nxc6 Qxb2 6. Nc3 Qa3 7. Nb5 bxc6 8. Nxa3 Bxa3 9. e3 Nf6 10. Be2 O-O 11. O-O d5 12. c4 d4 13. exd4 Bb2 14. Rb1 Bxd4 15. d3 Rd8 16. Qc2 Bf5 17. Rbd1 e3 18. fxe3 Bxe3+ 19. Kh1 Bg6 20. Bf3 Rd6 21. Rfe1 Bc5 22. Re5 Bd4 23. Re2 Rad8 24. c5 Re6 25. Rxe6 fxe6 26. Bxc6 Ng4 27. h3 Nf2+ 28. Kh2 Nxd1 29. Qxd1 Bxd3 30. Qe1 Bxc5 31. Qxe6+ Kh8 32. Bd7 Bd6+ 33. Kg1 Rf8 34. g4 Bc5+ 35. Kg2 Bf1+ 36. Kg3 Bd6+ 37. Kh4 Bd3 38. Be8 h6 39. Bg6 Bf1 40. Bf5 Bb5 41. Bg6 Rf6 42. Qe4 Bd7 43. Kh5 Rf8 44. h4 Rf4 45. Qd5 Bxg4# 0-1


[Site "https://www.chess.com"]

[Event "Titled Tuesday Blitz May 4 2021"]
[White "Najdin, Danil"]
[Black "Wu, Christopher"]
[WhiteFideId "4172426"]
[BlackFideId "2040875"]
[WhiteElo "2193"]
[BlackElo "2610"]
[Result "0-1"]
[Round "11"]
[TimeControl "180+1"]
[Date "2021.05.04"]
[WhiteClock "0:00:02"]
[BlackClock "0:00:29"]

1. e4 c5 2. Nc3 e6 3. g3 Nc6 4. Bg2 Be7 5. d3 Nf6 6. f4 d6 7. Nf3 a6 8. O-O O-O 9. Bd2 b5 10. a3 Bb7 11. f5 exf5 12. exf5 Qd7 13. Nh4 Ne5 14. Bxb7 Qxb7 15. Bf4 Rad8 16. h3 Rfe8 17. Nf3 Nxf3+ 18. Qxf3 Qxf3 19. Rxf3 d5 20. g4 d4 21. Ne4 Nxe4 22. dxe4 Bd6 23. Bxd6 Rxd6 24. Re1 f6 25. Kf2 c4 26. a4 b4 27. b3 cxb3 28. Rxb3 a5 29. Rd3 Kf7 30. Kf3 Rc8 31. Re2 Rc3 32. Rd2 Rdc6 33. Kf4 Rxd3 34. Rxd3 Rxc2 35. Rxd4 Rc7 36. Rd1 g5+ 37. Ke3 Rc3+ 38. Kd4 Ke7 39. e5 fxe5+ 40. Kxe5 Re3+ 41. Kd5 Rxh3 42. Kc4 Rf3 43. Kb5 Rf4 44. Kxa5 Rxg4 45. Kb6 b3 46. a5 Kf6 47. a6 Rb4+ 48. Kc5 Ra4 49. Kb5 Ra2 50. Rd6+ Kxf5 51. Rb6 b2 52. Kc4 g4 53. Kc3 g3 0-1


[Site "https://www.chess.com"]

[Event "Titled Tuesday Blitz May 4 2021"]
[White "Nastore, Pavel-Alexandru"]
[Black "Daniel, Damian"]
[WhiteFideId "1255002"]
[BlackFideId "1183621"]
[WhiteElo "1809"]
[BlackElo "2055"]
[Result "0-1"]
[Round "11"]
[TimeControl "180+1"]
[Date "2021.05.04"]
[WhiteClock "0:00:08"]
[BlackClock "0:00:12"]

1. e4 Nf6 2. e5 Nd5 3. d4 Nb6 4. Nf3 d5 5. Be2 Bf5 6. O-O e6 7. Re1 c5 8. c3 Nc6 9. a3 c4 10. Nbd2 Na5 11. Nf1 Be7 12. Ng3 Bg6 13. Nd2 Qd7 14. f4 O-O-O 15. Bg4 Bh4 16. Rf1 Bd3 17. Rf2 g6 18. Ndf1 Nb3 19. Be3 Nxa1 20. Qxa1 Qa4 21. Nd2 h5 22. Bd1 Qb5 23. a4 Qa5 24. b4 Qa6 25. a5 Na8 26. Nf3 Be7 27. Ba4 Nc7 28. Rb2 Nb5 29. Bxb5 Qxb5 30. a6 b6 31. Nd2 h4 32. Ngf1 Rdg8 33. Nb1 g5 34. Na3 Qe8 35. Rf2 gxf4 36. Bxf4 Bg5 37. Qc1 Be7 38. Ne3 Be4 39. Nac2 Rg6 40. Ne1 Rhg8 41. Nf3 Qa4 42. Nd2 Bd3 43. g3 hxg3 44. Bxg3 Bh4 45. Rxf7 Bxg3 46. hxg3 Rxg3+ 47. Kf2 Qe8 48. Rf4 Qh5 49. Ndf1 Qe2# 0-1


[Site "https://www.chess.com"]

[Event "Titled Tuesday Blitz May 4 2021"]
[White "Nazaretyan, Tigran"]
[Black "Peralta, Eduardo"]
[WhiteFideId "24162345"]
[BlackFideId "3700062"]
[WhiteElo "2276"]
[BlackElo "2205"]
[Result "1-0"]
[Round "11"]
[TimeControl "180+1"]
[Date "2021.05.04"]
[WhiteClock "0:01:09"]
[BlackClock "0:01:14"]

1. d4 Nf6 2. c4 c5 3. d5 d6 4. Nc3 g6 5. e4 Bg7 6. Bd3 O-O 7. h3 e5 8. g4 Na6 9. Nge2 Nc7 10. Ng3 a6 11. a4 b6 12. Bg5 Rb8 13. f3 Bd7 14. h4 b5 15. b3 bxc4 16. Bxc4 Qc8 17. h5 Re8 18. Qd2 Bxg4 19. hxg6 fxg6 20. fxg4 Qxg4 21. Qe3 Rf8 22. Rh4 Qd7 23. O-O-O Ng4 24. Qe2 h5 25. Rf1 Rxf1+ 26. Nxf1 Rf8 27. Nd1 Qf7 28. Nfe3 Nf2 29. Nxf2 Qxf2 30. Qxf2 Rxf2 31. Rh1 Rf3 32. Kd2 Ne8 33. Ke2 Rg3 34. Bh4 Rxe3+ 35. Kxe3 Bh6+ 36. Kd3 Kg7 37. Bxa6 g5 38. Bf2 Nf6 39. Bc8 g4 40. a5 1-0


[Site "https://www.chess.com"]

[Event "Titled Tuesday Blitz May 4 2021"]
[White "Necula, Iulian"]
[Black "Wisniowski, Natalie"]
[WhiteFideId "1232380"]
[BlackFideId "30929261"]
[WhiteElo "1776"]
[BlackElo "1702"]
[Result "1/2-1/2"]
[Round "11"]
[TimeControl "180+1"]
[Date "2021.05.04"]
[WhiteClock "0:00:46"]
[BlackClock "0:00:06"]

1. f4 d5 2. Nf3 Nf6 3. g3 g6 4. Bg2 Bg7 5. O-O O-O 6. d3 c6 7. c3 Bg4 8. h3 Bxf3 9. Bxf3 Nbd7 10. e4 dxe4 11. dxe4 Nb6 12. Qxd8 Rfxd8 13. Nd2 Nfd7 14. e5 Nc5 15. Ne4 Nd3 16. b3 Nd5 17. Bd2 Rac8 18. c4 Nc7 19. Be3 b6 20. Rad1 Ne6 21. Be2 Nb4 22. a3 Nc2 23. Bf2 Ncd4 24. Bg4 Nxb3 25. Bxe6 fxe6 26. c5 bxc5 27. Nxc5 Rd5 28. Nxe6 h6 29. Bxa7 Kf7 30. Nxg7 Kxg7 31. Rxd5 cxd5 32. Rb1 Nd2 33. Rb7 Kf8 34. a4 Nc4 35. Bd4 Ra8 36. Rb4 Kf7 37. g4 Ra5 38. Kf2 Ke6 39. Ke2 Ra6 40. Kd3 Ra5 41. Bb6 Ra6 42. Bc5 Ra5 43. Kd4 Ra6 44. f5+ gxf5 45. gxf5+ Kxf5 46. Bxe7 Ra5 47. Bd6 Nxd6 48. exd6 Ke6 49. Rb5 Rxb5 50. axb5 Kxd6 51. b6 Kc6 52. b7 Kxb7 53. Kxd5 Kc7 54. Ke5 Kd7 55. Kf6 Ke8 56. Kg7 h5 57. h4 Ke7 58. Kg6 Kf8 59. Kxh5 Kg8 60. Kg6 Kh8 61. h5 Kg8 62. h6 Kh8 63. h7 1/2-1/2


[Site "https://www.chess.com"]

[Event "Titled Tuesday Blitz May 4 2021"]
[White "Nesterov, Arseniy"]
[Black "Balaji, Aaravamudhan"]
[WhiteFideId "24198455"]
[BlackFideId "436224"]
[WhiteElo "2441"]
[BlackElo "2085"]
[Result "1-0"]
[Round "11"]
[TimeControl "180+1"]
[Date "2021.05.04"]
[WhiteClock "0:00:05"]
[BlackClock "0:00:04"]

1. e4 e5 2. Nf3 Nc6 3. Bb5 a6 4. Ba4 Nf6 5. O-O Bc5 6. Bxc6 dxc6 7. Nxe5 Nxe4 8. Qe2 Qd5 9. Nd3 O-O 10. Nxc5 Nxc5 11. Nc3 Qf5 12. d4 Ne6 13. Be3 Rd8 14. Rad1 b6 15. Rfe1 Bb7 16. Qc4 Rd7 17. Rd2 Rad8 18. Red1 b5 19. Qe2 b4 20. Na4 Rd5 21. f3 Re8 22. Qf2 Bc8 23. b3 h5 24. Nb2 a5 25. Nd3 Red8 26. Ne5 R8d6 27. g4 hxg4 28. fxg4 Qe4 29. Qxf7+ Kh7 30. Qf5+ Qxf5 31. gxf5 Nd8 32. Rf1 Rf6 33. Nc4 Rdxf5 34. Rxf5 Rxf5 35. Rf2 Rd5 36. Bf4 Ne6 37. Be5 Nxd4 38. Bxd4 Rxd4 39. Nxa5 Bh3 40. Rf3 Bg4 41. Rd3 Re4 42. Nxc6 Re1+ 43. Kf2 Re2+ 44. Kg3 Rxc2 45. Nxb4 Bf5 46. Nxc2 Bxd3 47. Nd4 Bb1 48. a4 Kg6 49. b4 Bd3 50. Kf4 Kf6 51. h4 g6 52. b5 Ke7 53. Ke5 Bc4 54. a5 Bd3 55. a6 Bf1 56. a7 1-0


[Site "https://www.chess.com"]